 Dungeon Crawl Stone Soup version 0.26-a0-597-gb535b09 (webtiles) character file.

Game seed: 2842422702665425618

204 2tousent the Ducker (level 5, -2/27 HPs)
             Began as a Felid Berserker on Aug 26, 2020.
             Was a Believer of Trog.
             Slain by an orc priest
             ... wielding a +0 mace
              (5 damage)
             ... on level 3 of the Dungeon.
             The game lasted 00:06:01 (2090 turns).

2tousent the Ducker (Felid Berserker)               Turns: 2090, Time: 00:06:02

Health: -2/27      AC:  4    Str: 13    XL:     5   Next: 52%
Magic:  6/6        EV: 21    Int:  8    God:    Trog [**....]
Gold:   39         SH:  0    Dex: 18    Spells: 4/4 levels left
                                        Lives:  0   Deaths: 1

rFire    . . .     SeeInvis +     - Unarmed
rCold    . . .     Faith    .   (shield unavailable)
rNeg     . . .     Spirit   .   (armour unavailable)
rPois    .         Reflect  .   (helmet unavailable)
rElec    .         Harm     .   (cloak unavailable)
rCorr    .                      (gloves unavailable)
MR       .....                  (boots unavailable)
Stlth    ++++......             (no amulet)
HPRegen  0.09/turn              (no ring)
MPRegen  0.10/turn              (no ring)

@: quick
A: very small, no armour, no weapons or thrown items, stealth, claws 1, fangs 3,
thin metallic scales 1, camouflage 1, see invisible, speed 1, robust 1,
screaming 1, shaggy fur 2, sharp paws
a: Berserk, Trog's Hand, Renounce Religion


You were on level 3 of the Dungeon.
You worshipped Trog.
Trog was pleased with you.
You visited 1 branch of the dungeon, and saw 3 of its levels.

You collected 39 gold pieces.

Inventory:

Scrolls
 a - 2 scrolls of amnesia {unknown}
 b - 6 scrolls of identify {unknown}
 c - a scroll of fog {unknown}
 d - a scroll of magic mapping {unknown}
 e - a scroll of teleportation {unknown}
 g - a scroll of noise {unknown}
Potions
 f - a potion of mutation
 h - a potion of curing


   Skills:
 + Level 4.1 Fighting
 + Level 5.4 Dodging
 + Level 3.9 Stealth
 * Level 5.1 Unarmed Combat


You had 4 spell levels left.
You didn't know any spells.
Your spell library was empty.

Dungeon Overview and Level Annotations

Branches:
Dungeon (3/15)

Altars:
Hepliaklqana


Innate Abilities, Weirdness & Mutations

You cannot wear armour.
You are incapable of wielding weapons or throwing items.
Your paws allow you to move quietly. (Stealth)
You have sharp claws.
You have razor-sharp teeth.
You have supernaturally acute eyesight. (SInv)
You cover ground quickly.
You are covered in thick fur. (AC +2)
Your sharp claws are effective at attacking unaware monsters.
You are partially covered in thin metallic scales. (AC +2)
Your skin changes colour to match your surroundings (Stealth+).
You are robust. (+10% HP)
You occasionally shout uncontrollably at your foes.


Message History

You scratch the orc priest.
You bite the orc priest, but do no damage.
The orc priest is lightly wounded.
The orc hits you but does no damage. The orc priest completely misses you.
You closely miss the orc priest.
The orc priest is lightly wounded.
The orc completely misses you. The orc priest hits you with a +0 mace.
* * * LOW HITPOINT WARNING * * *
You scratch the orc priest but do no damage.
The orc priest is lightly wounded.
The orc closely misses you. The orc priest barely misses you.
You scratch the orc priest.
The orc priest is moderately wounded.
You recover from your berserk rage.
The orc barely misses you.
You scratch the orc priest.
You bite the orc priest, but do no damage.
The orc priest is severely wounded.
The orc priest hits you with a +0 mace.
You die...

#....[.## #.#.#
#......'. .....
#......# #.#..
#......# #.#..
#......# #.#.#
#......# #.#.#
#......#########.#.#
#..@o...)...)))...()
####o###########.#.#
..o# #.#.. .....#
###.### ...oo..'
..#.# .......#
#.#.### ........
#.#.... ........
#.##### #.#


You could see an orc priest and 2 orcs.

Vanquished Creatures
  An ogre (D:2)
  A gnoll shaman (D:3)
  Jessica (D:2)
  Terence (D:2)
  8 gnolls (D:3)
  3 adders
  3 worms
  3 dart slugs
  8 orcs (D:3)
  2 giant cockroaches
  5 goblins
  3 hobgoblins
  7 jackals
  A quokka (D:2)
  3 bats (D:1)
  4 frilled lizards
  7 kobolds
  2 rats
63 creatures vanquished.

Notes
Turn   | Place    | Note
-------+----------+-------------------------------------------
     0 | D:1      | 2tousent the Felid Berserker began the quest for the Orb.
     0 | D:1      | Reached XP level 1. HP: 10/10 MP: 2/2
   352 | D:1      | Reached skill level 1 in Stealth
   352 | D:1      | Reached XP level 2. HP: 14/14 MP: 3/3
   792 | D:2      | Reached XP level 3. HP: 12/17 MP: 4/4
   888 | D:2      | Noticed Terence
   903 | D:2      | Killed Terence
  1048 | D:2      | Reached XP level 4. HP: 6/21 MP: 5/5
  1294 | D:2      | Reached ** piety under Trog
  1346 | D:2      | Noticed an ogre
  1351 | D:2      | Killed an ogre
  1351 | D:2      | Reached XP level 5. HP: 25/25 MP: 6/6
  1400 | D:2      | Noticed Jessica
  1416 | D:2      | Reached skill level 5 in Dodging
  1420 | D:2      | Killed Jessica
  1884 | D:3      | Gained mutation: You are covered in thick fur. (AC +2)
                  | [Felid growth]
  1884 | D:3      | Reached XP level 6. HP: 28/28 MP: 7/7
  1891 | D:3      | Gained mutation: You occasionally shout uncontrollably at
                  | your foes. [potion of mutation]
  1891 | D:3      | Gained mutation: Your skin changes colour to match your
                  | surroundings (Stealth+). [potion of mutation]
  1891 | D:3      | Gained mutation: You are partially covered in thin metallic
                  | scales. (AC +2) [potion of mutation]
  1891 | D:3      | Gained mutation: You are robust. (+10% HP) [potion of
                  | mutation]
  1897 | D:3      | Slain by a gnoll
  1898 | D:3      | Reached XP level 5. HP: -1/27 MP: 6/6
  1917 | D:3      | Found a hazy altar of Hepliaklqana.
  2018 | D:3      | Reached skill level 5 in Unarmed Combat
  2090 | D:3      | Slain by an orc priest

Illustrated notes

Levels and vault maps discovered:
D:1:      dpeg_arrival_water_temple_mockup, layout_loops_ring
D:2:      layout_rooms, uniq_jessica, uniq_terence
D:3:      layout_basic, old_standard_altar, marbit_many_paths, st_stairs_1

Skill      XL: |  1  2  3  4  5 |
---------------+----------------+-----
Stealth        | 1 2 3 |  3.9
Unarmed Combat | 4 5 |  5.1
Dodging        | 5 |  5.4
Fighting       | 4 |  4.1

Action                   |  1- 3 |  4- 6 || total
-------------------------+-------+-------++-------
Melee: Unarmed           |    82 |   115 ||   197
       Bite              |     6 |    12 ||    18
Invok: Berserk           |     1 |     3 ||     4
  Use: Potion            |       |     4 ||     4
 Stab: Sleeping          |     4 |     5 ||     9
Armor: Skin              |     4 |     9 ||    13
Dodge: Dodged            |    65 |   106 ||   171

Table legend: (Time is in decaauts)
 A = Elapsed time spent in this place.
 B = Non-inter-level travel time spent in this place.
 C = Inter-level travel time spent in this place.
 D = Time resting spent in this place.
 E = Time spent auto-exploring this place.
 F = Levels seen in this place.
 G = Mean time per level.
                   A        B        C        D        E       F      G
               +--------+--------+--------+--------+--------+-----+--------+
         Total |   1923 |   1897 |     26 |    596 |    929 |   3 |  641.0 |
       Dungeon |   1923 |   1897 |     26 |    596 |    929 |   3 |  641.0 |
               +--------+--------+--------+--------+--------+-----+--------+

Top non-repeatable levels by time:
     D:2: 1072 daAuts
     D:1: 628 daAuts
     D:3: 222 daAuts
